 Dungeon Crawl Stone Soup version 0.27.1-1-g398f81649c (webtiles) character file.

Game seed: 1252128378376599010

81 ABBCCCDDDD the Insei (level 4, -1/33 HPs)
             Began as an Octopode Monk on Sept 19, 2021.
             Slain by a gnoll (11 damage)
             ... on level 3 of the Dungeon.
             The game lasted 00:02:05 (2553 turns).

ABBCCCDDDD the Insei (Octopode Monk)                Turns: 2553, Time: 00:02:06

Health: -1/33      AC:  1    Str: 10    XL:     4   Next: 42%
Magic:  4/4        EV: 14    Int: 13    God:
Gold:   96         SH:  0    Dex: 14    Spells: 3/3 levels left

rFire    + . .     SeeInvis .     - Unarmed
rCold    . . .     Faith    .   (no shield)
rNeg     . . .     Spirit   .   (helmet restricted)
rPois    .         Reflect  .   (no amulet)
rElec    .         Harm     .   h - ring of protection from fire
rCorr    .         Rampage  .   (no ring)
Will     .....                  (no ring)
Stlth    +++.......             (no ring)
HPRegen  0.11/turn              (no ring)
MPRegen  0.09/turn              (no ring)
                                (no ring)
                                (no ring)

@: no status effects
A: almost no armour, amphibious, 8 rings, camouflage 1, gelatinous body 1,
(nimble swimmer 1), tentacles
a: no special abilities


You were on level 3 of the Dungeon.
You visited 1 branch of the dungeon, and saw 3 of its levels.

You collected 96 gold pieces.

Inventory:

Missiles
 a - 6 poisoned darts (quivered)
Jewellery
 h - a ring of protection from fire (left tentacle)
Scrolls
 b - a scroll of identify {unknown}
 c - a scroll of brand weapon {unknown}
 g - a scroll of acquirement {unknown}
 i - a scroll of teleportation {unknown}
Potions
 d - a potion of invisibility {unknown}
 e - a potion of haste {unknown}
 f - a potion of curing {unknown}


   Skills:
 + Level 4.1 Fighting
 - Level 3.0 Dodging
 - Level 2.6 Stealth
 + Level 4.1 Unarmed Combat


You had 3 spell levels left.
You didn't know any spells.
Your spell library was empty.

Dungeon Overview and Level Annotations

Branches:
Dungeon (3/15)

Altars:

Shops:
D:1 (


Innate Abilities, Weirdness & Mutations

You cannot wear most types of armour.
You are amphibious.
You can wear up to eight rings at the same time.
Your skin changes colour to match your surroundings (Stealth+).
Your rubbery body absorbs attacks. (AC +1, EV +1)
((You are camouflaged near water. (Stealth+)))
You have tentacles for arms and can constrict up to eight enemies at once.


Message History

The poisoned dart completely misses the gnoll.
The poisoned dart hits the gnoll.
The gnoll closely misses you.
There is a stone staircase leading up here.
Throw: 9 darts (poison)
Press: ? - help, Q - select action Shift-Dir - straight line, f/p - gnoll
Aim: a gnoll, wielding a +0 halberd (lightly wounded, very poisoned, 64% to hit)
You throw a poisoned dart.
The poisoned dart barely misses the gnoll.
The poisoned dart barely misses the gnoll.
The gnoll hits you from afar with a +0 halberd!
You see here a +0 war axe.
Throw: 8 darts (poison)
Press: ? - help, Q - select action Shift-Dir - straight line, f/p - gnoll
Aim: a gnoll, wielding a +0 halberd (severely wounded, poisoned, 64% to hit)
You throw a poisoned dart.
The poisoned dart barely misses the gnoll.
The poisoned dart hits the gnoll.
Throw: 7 darts (poison)
Press: ? - help, Q - select action Shift-Dir - straight line, f/p - gnoll
Aim: a gnoll, wielding a +0 halberd (severely wounded, poisoned, 64% to hit)
You throw a poisoned dart. The poisoned dart hits the gnoll.
The gnoll is severely wounded.
The gnoll looks more healthy.
The gnoll hits you from afar with a +0 halberd!
A gnoll comes into view. It is wielding a +0 whip.
Things that are here:
a +0 whip; a gnoll corpse
Found a dagger.
The gnoll hits you with a +0 whip.
* * * LOW HITPOINT WARNING * * *
The gnoll barely misses you. The gnoll closely misses you.
You see here a poisoned dart.
You see here a poisoned dart.
There is a stone staircase leading up, spattered with blood here.
An orc comes into view. It is wielding a +0 club.
You see here a poisoned dart.
You see here a +0 war axe.
The gnoll hits you with a +0 whip!
You die...

##.............#
...............
#....>........
#.............
##.8.....8..).
.....(....#
##.##.†.#(#
#.@......(#####
#g#######(....###.
#g# #......... #.#
#(.##.##.. #g#
#g...<# . #.#
#..##..... #.#
#..##.##.#
#.#######<.......#
#...gg.(.(..######


You could see 3 gnolls.

Levels and vault maps discovered:
D:1:      doesnt_arrival_eight_statues, layout_basic, serial_shops,
          nicolae_shop_trees, shapermc_ecumenical_altar_ellora,
          serial_park_tiny_2
D:2:      layout_basic, roderic_lattice_a
D:3:      layout_loops_cross, kennysheep_crisscross, roderic_roman_lattice,
          st_stairs_1, uniq_jessica

Notes
Turn   | Place    | Note
-------+----------+-------------------------------------------
     0 | D:1      | ABBCCCDDDD the Octopode Monk began the quest for the Orb.
     0 | D:1      | Reached XP level 1. HP: 16/16 MP: 1/1
    38 | D:1      | Found a faded altar of an unknown god.
   395 | D:1      | You fall into a shaft and drop 1 floor!
   421 | D:2      | Reached XP level 2. HP: 11/21 MP: 2/2
   765 | D:1      | Found Qeemmyas's Antique Weapon Emporium.
  1505 | D:2      | Reached XP level 3. HP: 27/27 MP: 3/3
  1978 | D:2      | Reached XP level 4. HP: 30/33 MP: 4/4
  2553 | D:3      | Slain by a gnoll

Table legend: (Time is in decaauts)
 A = Elapsed time spent in this place.
 B = Non-inter-level travel time spent in this place.
 C = Inter-level travel time spent in this place.
 D = Time resting spent in this place.
 E = Time spent auto-exploring this place.
 F = Levels seen in this place.
 G = Mean time per level.
                   A        B        C        D        E       F      G
               +--------+--------+--------+--------+--------+-----+--------+
         Total |   2547 |   2492 |     55 |    295 |   1857 |   3 |  849.0 |
       Dungeon |   2547 |   2492 |     55 |    295 |   1857 |   3 |  849.0 |
               +--------+--------+--------+--------+--------+-----+--------+

Top non-repeatable levels by time:
     D:1: 1364 daAuts
     D:2: 1060 daAuts
     D:3: 122 daAuts

Table legend:
 A = Kills in this place as a percentage of kills in entire the game.
 B = Kills by you in this place as a percentage of kills by you in the entire game.
 C = Kills by friends in this place as a percentage of kills by friends in the entire game.
 D = Other kills in this place as a percentage of other kills in the entire game.
 E = Experience gained in this place as a percentage of experience gained in the entire game.
 F = Experience gained in this place divided by the number of levels of this place that you have seen.
                   A       B       C       D       E      F
               +-------+-------+-------+-------+-------+----------------------
         Total | 100.0 | 100.0 |   N/A |   N/A | 100.0 |  39.0
       Dungeon | 100.0 | 100.0 |   N/A |   N/A | 100.0 |  39.0
               +-------+-------+-------+-------+-------+----------------------

Action                   |  1- 3 |  4- 6 || total
-------------------------+-------+-------++-------
Melee: Unarmed           |    64 |    17 ||    81
       Constrict         |    21 |     2 ||    23
       Tentacles         |    13 |     3 ||    16
       Punch             |     1 |       ||     1
Throw: Dart              |       |     8 ||     8
 Stab: Sleeping          |     8 |       ||     8
Armor: Skin              |     3 |     1 ||     4
Dodge: Dodged            |    38 |    15 ||    53

Vanquished Creatures
  A gnoll (D:3)
  4 adders (D:2)
  A worm (D:2)
  An orc (D:3)
  An endoplasm (D:1)
  3 goblins
  3 hobgoblins
  2 jackals (D:1)
  3 quokkas (D:2)
  2 ball pythons
  4 bats
  5 frilled lizards
  4 kobolds (D:2)
34 creatures vanquished.
